 Dungeon Crawl Stone Soup version 0.28-a0-728-g0181a31188 (webtiles) character file.

Game seed: 11101183539243355592

1569368 EnegeticOcto the Imperceptible (level 26, 268/268 HPs)
             Began as a Naga Earth Elementalist on Oct 28, 2021.
             Was the Champion of Cheibriados.
             Escaped with the Orb
             ... and 3 runes!
             The game lasted 02:45:26 (76237 turns).

EnegeticOcto the Imperceptible (NaEE)              Turns: 76237, Time: 02:45:26

Health: 268/268    AC: 29    Str: 27    XL:     26   Next: 98%
Magic:  39/39      EV: 22    Int: 44    God:    Cheibriados [******]
Gold:   6003       SH: 32    Dex: 29    Spells: 10/49 levels left

rFire   + + .      SeeInvis +   O - +9 eveningstar (venom)
rCold   + + .      Faith    .   G - +4 tower shield
rNeg    . . .      Spirit   .   X - quicksilver dragon scales "Vulaics" {Will+ Int+5 Stlth+}
rPois   +          Reflect  +   j - +2 helmet {Int+3}
rElec   .          Harm     .   Q - +2 cloak {rF+}
rCorr   .          Rampage  .   g - +0 pair of gloves {Dex+3}
Will    ++++.                   p - +2 barding {rC+}
Stlth   ++++......              h - amulet of reflection
HPRegen 0.54/turn               R - +4 ring of evasion
MPRegen 0.26/turn               b - ring of protection from cold

@: studying 2 skills, very slow
A: AC +8, large, see invisible, deformed body, poison resistance, slowness 2,
spit poison 2, naga tail 2, clumsy 2, deterioration 1, fire resistance 1, weak 1
0: Orb of Zot
}: 3/15 runes: serpentine, barnacled, silver
a: Breathe Poison Gas, Renounce Religion, Bend Time, Temporal Distortion,
Slouch, Step From Time


You escaped.
You worshipped Cheibriados.
Cheibriados was exalted by your worship.
You visited 10 branches of the dungeon, and saw 49 of its levels.
You also visited: Sewer, Ossuary, Bailey, Gauntlet, Ice Cave and Volcano.

You collected 8817 gold pieces.
You spent 2814 gold pieces at shops.

Inventory:

Hand Weapons
 N - a +3 dagger of distortion
   (You took it off Sonja on level 12 of the Dungeon)
 O - a +9 eveningstar of venom (weapon)
   (You took it off Urug on level 4 of the Lair of Beasts)
Missiles
 k - 11 throwing nets {!f}
 V - 11 curare-tipped darts
Armour
 g - a +0 pair of gloves of dexterity (worn)
   (You took it off Nikola on level 2 of the Elven Halls)
 j - a +2 helmet of intelligence (worn)
   (You found it on level 3 of the Elven Halls)
 l - the +3 warlock's mirror {reflect}
   (You found it on level 5 of the Vaults)

   It can block and reflect piercing ranged attacks and magical attacks against
   the wielder's willpower.
 p - a +2 barding of cold resistance (worn)
   (You took it off Vashnia on level 4 of the Snake Pit)
 G - a +4 tower shield (worn)
   (You took it off an orc warlord on level 2 of the Vaults)
 Q - a +2 cloak of fire resistance (worn)
   (You found it in a volcano)
 X - the quicksilver dragon scales "Vulaics" (worn) {Will+ Int+5 Stlth+}
   (You took it off an orc warrior in a bailey)

   Int:       It affects your intelligence (+5).
   Will:      It increases your willpower.
   Stlth:     It makes you more stealthy.
Jewellery
 b - a ring of protection from cold (right hand)
   (You found it on level 4 of the Snake Pit)
 h - an amulet of reflection (around neck)
   (You found it on level 2 of the Vaults)
 z - a ring of resist corrosion
   (You found it on level 12 of the Dungeon)
 F - the ring of the Serpent {Ice Will+ MP+9}
   (You took it off a minotaur in a Gauntlet)

   [ring of ice]

   It enhances your ice magic.
   rF:        It makes you vulnerable to fire.
   rC:        It protects you from cold.
   MP:        It affects your magic capacity (+9).
   Will:      It increases your willpower.
 R - a +4 ring of evasion (left hand)
   (You took it off a deep elf zephyrmancer on level 3 of the Elven Halls)
Wands
 s - a wand of acid (15) {@v1}
   (You found it on level 3 of the Lair of Beasts)
 u - a wand of polymorph (15)
   (You took it off Natasha on level 3 of the Dungeon)
 J - a wand of paralysis (25)
   (You found it on level 6 of the Dungeon)
 K - a wand of digging (17) {@v3}
   (You found it on level 7 of the Dungeon)
 S - a wand of charming (20)
   (You found it on level 4 of the Lair of Beasts)
 W - a wand of iceblast (66) {@v2}
   (You took it off an orc knight in a bailey)
Scrolls
 c - a scroll of summoning
 n - 2 scrolls of silence
 o - 19 scrolls of teleportation {@r3 !r}
 t - 6 scrolls of fear {!r}
 H - 3 scrolls of immolation
 I - 4 scrolls of fog {!r}
 U - 4 scrolls of vulnerability
 Y - 3 scrolls of blinking {@r4}
 Z - a scroll of holy word
Potions
 a - 9 potions of magic
 d - 2 potions of resistance
 f - 21 potions of curing {@q1 !q}
 m - 15 potions of might {@q3 !q}
 q - 5 potions of cancellation
 r - 8 potions of flight
 v - 3 potions of brilliance
 x - 8 potions of mutation
 B - 17 potions of heal wounds {@q2 !q}
 C - 6 potions of ambrosia
 D - 8 potions of attraction
 E - 5 potions of invisibility
 L - 8 potions of berserk rage
 T - 6 potions of lignification {@q6}
Miscellaneous
 e - a phantom mirror
   (You found it on level 4 of the Depths)
 i - a tin of tremorstones (1/2)
   (You found it on level 3 of the Elven Halls)
 w - a box of beasts
   (You found it on level 3 of the Elven Halls)
 y - a condenser vane
   (You found it in a Gauntlet)
 M - a lightning rod (4/4)
   (You found it in a Gauntlet)
 P - a phial of floods
   (You found it on level 12 of the Dungeon)


   Skills:
 - Level 22.0 Fighting
 - Level 16.0 Maces & Flails
 - Level 4.0 Armour
 - Level 12.0 Dodging
 + Level 24.2 Stealth
 - Level 15.0 Shields
 - Level 12.0 Spellcasting
 - Level 8.0 Conjurations
 - Level 1.9 Hexes
 - Level 8.0 Translocations
 - Level 10.0 Transmutations
 - Level 12.0 Earth Magic
 - Level 18.0 Invocations
 - Level 12.0 Evocations


You had 10 spell levels left.
You knew the following spells:

 Your Spells              Type           Power      Damage    Failure   Level
a - Lesser Beckoning      Tloc           77%        N/A       1%          3
b - Wereblood             Tmut           85%        N/A       1%          2
c - Statue Form           Tmut/Erth      59%        N/A       2%          6
d - Leda's Liquefaction   Hex/Erth       36%        N/A       1%          4
f - Petrify               Tmut/Erth      89%        N/A       1%          4
g - Stone Arrow           Conj/Erth      100%       3d13      1%          3
h - Ensorcelled Hibernat  Hex/Ice        70%        N/A       1%          2
i - Sandblast             Erth           100%       2d20      0%          1
j - Manifold Assault      Tloc           77%        N/A       1%          5
p - Passwall              Tmut/Erth      74%        N/A       1%          2
z - Irradiate             Conj/Tmut      40%        3d27      1%          5
Y - Blink                 Tloc           100%       N/A       1%          2

Your spell library contained the following spells:

 Spells                   Type           Power      Damage    Failure   Level
 Animate Skeleton         Necr           52%        N/A       1%          1
 Beastly Appendage        Tmut           100%       N/A       1%          1
 Foxfire                  Conj/Fire      100%       2x1d9     1%          1
 Freeze                   Ice            100%       1d11      1%          1
 Magic Dart               Conj           100%       1d8       1%          1
 Pain                     Necr           100%       1d9       1%          1
 Sting                    Tmut/Pois      100%       1d8       1%          1
 Summon Small Mammal      Summ           100%       N/A       1%          1
 Slow                     Hex            43%        N/A       1%          2
 Static Discharge         Conj/Air       57%        N/A       1%          2
 Conjure Flame            Conj/Fire      57%        6-21      1%          3
 Ignite Poison            Fire/Tmut/Pois 53%        N/A       1%          3
 Mephitic Cloud           Conj/Pois/Air  49%        N/A       1%          3
 Portal Projectile        Hex/Tloc       100%       N/A       1%          3
 Spider Form              Tmut/Pois      31%        N/A       1%          3
 Animate Armour           Summ/Erth      100%       N/A       1%          4
 Fulminant Prism          Conj/Hex       31%        3d16      1%          4
 Ice Form                 Ice/Tmut       63%        N/A       1%          4
 Iskenderun's Mystic Bla  Conj/Tloc      77%        2d15      1%          4
 Passage of Golubria      Tloc           77%        N/A       1%          4
 Blade Hands              Tmut           42%        N/A       1%          5
 Lee's Rapid Deconstruct  Erth           46%        3d23*     1%          5
 Call Imp                 Summ           26%        N/A       2%          2
 Corpse Rot               Necr/Air       52%        N/A       2%          2
 Poisonous Vapours        Pois/Air       52%        N/A       2%          2
 Sublimation of Blood     Necr           13%        N/A       2%          2
 Confusing Touch          Hex            43%        N/A       2%          3
 Tukima's Dance           Hex            43%        N/A       2%          3
 Inner Flame              Hex/Fire       35%        N/A       3%          3
 Summon Guardian Golem    Hex/Summ       35%        N/A       3%          3
 Flame Wave               Conj/Fire      57%        3d10      3%          4
 Hailstorm                Conj/Ice       57%        3d12      3%          4
 Yara's Violent Unravell  Hex/Tmut       34%        3d14      3%          5
 Call Canine Familiar     Summ           26%        N/A       4%          3
 Frozen Ramparts          Ice            52%        1d7       4%          3
 Vampiric Draining        Necr           13%        2d7       4%          3
 Iron Shot                Conj/Erth      42%        9d8       4%          6
 Cause Fear               Hex            21%        N/A       7%          4
 Fireball                 Conj/Fire      28%        3d12      9%          5
 Lightning Bolt           Conj/Air       28%        1d45      9%          5
 Dispersal                Tloc           38%        N/A       9%          6
 Airstrike                Air            13%        N/A       16%         4
 Animate Dead             Necr           13%        N/A       16%         4
 Dispel Undead            Necr           26%        3d13      16%         4
 Olgreb's Toxic Radiance  Pois           26%        N/A       16%         4
 Summon Ice Beast         Ice/Summ       26%        N/A       16%         4
 Summon Lightning Spire   Summ/Air       26%        N/A       16%         4
 Freezing Cloud           Conj/Ice/Air   24%        6-21      16%         5
 Dragon Form              Tmut           42%        N/A       22%         7
 Metabolic Englaciation   Hex/Ice        17%        N/A       30%         5
 Silence                  Hex/Air        17%        N/A       30%         5
 Summon Mana Viper        Hex/Summ       35%        N/A       30%         5
 Eringya's Noxious Bog    Tmut/Pois      31%        N/A       30%         6
 Excruciating Wounds      Necr           13%        N/A       41%         5
 Starburst                Conj/Fire      28%        6d9       43%         6
 Storm Form               Tmut/Air       31%        N/A       86%         7
 Lehudib's Crystal Spear  Conj/Erth      42%        10d10     86%         8
 Death Channel            Necr           13%        N/A       94%         6
 Simulacrum               Ice/Necr       13%        N/A       94%         6
 Disjunction              Tloc           38%        N/A       98%         8
 Haunt                    Necr/Summ      13%        N/A       100%        7
 Monstrous Menagerie      Summ           13%        N/A       100%        7
 Ozocubu's Refrigeration  Ice            13%        4d7       100%        7
 Summon Hydra             Summ           13%        N/A       100%        7
 Discord                  Hex            21%        N/A       100%        8
 Ignition                 Fire           13%        3d6       100%        8
 Infestation              Necr           13%        N/A       100%        8
 Maxwell's Capacitive Co  Air            13%        ∞         100%        8
 Summon Horrible Things   Summ           13%        N/A       100%        8
 Dragon's Call            Summ           13%        N/A       100%        9


Dungeon Overview and Level Annotations

Branches:
Dungeon (15/15)            Temple (1/1) D:6            Lair (6/6) D:10
 Shoals (4/4) Lair:3        Snake (4/4) Lair:3          Orc (2/2) D:9
    Elf (3/3) Orc:2        Vaults (5/5) D:14          Crypt (0/3) Vaults:3
 Depths (4/4) D:15            Zot (5/5) Depths:4      Sewer (visited)
Ossuary (visited)          Bailey (visited)           IceCv (visited)
Volcano (visited)         Gauntlet (visited)
  Slime: Lair:5-6

Altars:
Ashenzari
Cheibriados
Dithmenos
Elyvilon
Fedhas
Gozag
Hepliaklqana
Kikubaaqudgha
Makhleb
Nemelex Xobeh
Okawaru
Qazlal
Ru
Sif Muna
Trog
Uskayaw
Vehumet
Wu Jian
Xom
Yredelemnul
Zin
The Shining One
Beogh

Shops:
D:4 (   D:8 :   Orc:2 ([*:   Elf:2 *   Elf:3 *!(=   Shoals:3 :   Vaults:1 *
Depths:1 ?

Portals:
Hell: Depths:1 Depths:2 Depths:3 Depths:4
Abyss: Depths:3
Pandemonium: Depths:2 Depths:4
Ziggurat: Depths:1

Annotations:
Lair:4 2 transporters, Gaeratarr's ghost, journeyman DgTm
Lair:6 exclusion: 3 oklob plants
Orc:1 1 transporter, Anuhiqid's ghost, journeyman TeBe
Orc:2 1 runed translucent door, xoxolimbo's ghost, journeyman DsWz
Elf:2 3 runed translucent doors
Elf:3 2 transporters, MacCMillion's ghost, veteran DjIE
Vaults:4 exclusion: orange crystal statue
Zot:1 2 runed translucent doors
Zot:3 exclusion: 2 downstairs


Innate Abilities, Weirdness & Mutations

Your serpentine skin is tough. (AC +8)
You have supernaturally acute eyesight. (SInv)
Armour fits poorly on your strangely shaped body.
Your system is resistant to poisons. (rPois)
You cover ground very slowly.
You can exhale a cloud of poison.
You can use your snake-like lower body to constrict enemies.
You are very clumsy. (Dex -4)
Your body sometimes deteriorates upon taking damage.
Your flesh is heat resistant. (rF+)
You are weak. (Str -2)


Message History

The poison arrow hits the green death!!
The green death partially resists.
The green death is poisoned.
You bludgeon the green death!!
The green death is severely wounded.
You constrict the green death. The green death gestures at you.
The blast of poison engulfs you but does no damage.
You are poisoned.
You resist.
You impale the green death!!
You kill the green death!
Cheibriados appreciates the change of pace.
You feel sick.
No target in view!
(D) Dungeon (T) Temple (L) Lair (A) Shoals (P) Snake Pit (O) Orcish Mines (E) Elven Halls (V) Vaults (C) Crypt (U) Depths (H) Hell (Z) Zot
Where to? (Enter - D:1 @ (x,y), ? - help)
You feel very sick.
You feel sick.
You feel sick.
You feel sick.
You are no longer poisoned.
There is an open door here.
HP restored.
There is a stone staircase leading up here.
You climb upwards.
There is a stone staircase leading down here.
There is a stone staircase leading up here.
You climb upwards.
There is a stone staircase leading down here.
You see here a +0 club.
Things that are here:
a +0 dagger; a +0 club
There is a stone staircase leading up, spattered with blood here.
You climb upwards.
There is a stone staircase leading down, spattered with blood here.
You see here a +0 club.
You see here a +0 plate armour.
A tormentor comes into view.
Unknown command.
Casting: Statue Form (mildly dangerous; 2% risk of failure)
Confirm with . or Enter, or press ? or * to list all spells.
You turn into a living statue of rough stone.
Your +0 pair of gloves of dexterity melds into your body.
Your +2 barding of cold resistance melds into your body.
The quicksilver dragon scales "Vulaics" {Will+ Int+5 Stlth+} melds into your body.
You feel clumsy.
You feel less resistant to cold. You block the tormentor's attack.
The tormentor hits you but does no damage.
The tormentor calls on the powers of darkness!
Your body is wracked with pain!
You completely miss the tormentor. You grab the tormentor.
You constrict the tormentor! You block the tormentor's attack. x2
You puncture the tormentor!
The tormentor is heavily wounded.
You constrict the tormentor. You block the tormentor's attack.
The tormentor completely misses you.
You impale the tormentor!!
You kill the tormentor!
Cheibriados thoroughly appreciates the change of pace.
No target in view!
Okay, then.
You revert to your normal fleshy form.
Your +0 pair of gloves of dexterity unmelds from your body.
Your +2 barding of cold resistance unmelds from your body.
The quicksilver dragon scales "Vulaics" {Will+ Int+5 Stlth+} unmelds from your body.
You feel agile.
You feel resistant to cold.
(D) Dungeon (T) Temple (L) Lair (A) Shoals (P) Snake Pit (O) Orcish Mines (E) Elven Halls (V) Vaults (C) Crypt (U) Depths (H) Hell (Z) Zot
Where to? (Enter - D:1 @ (x,y), ? - help) Magic restored.
A sixfirhy comes into view.
Unknown command.
You block the sixfirhy's attack. x2
The sixfirhy hits you but does no damage.
You block the sixfirhy's attack. The sixfirhy barely misses you.
The sixfirhy completely misses you.
The sixfirhy hits you but does no damage.
You closely miss the sixfirhy. You grab the sixfirhy.
You constrict the sixfirhy. You block the sixfirhy's attack.
You impale the sixfirhy!!
The sixfirhy is poisoned.
The sixfirhy is severely wounded.
You constrict the sixfirhy. You puncture the sixfirhy!
You kill the sixfirhy!
Cheibriados thoroughly appreciates the change of pace.
(D) Dungeon (T) Temple (L) Lair (A) Shoals (P) Snake Pit (O) Orcish Mines (E) Elven Halls (V) Vaults (C) Crypt (U) Depths (H) Hell (Z) Zot
Where to? (Enter - D:1 @ (x,y), ? - help)
You enter the shallow water.
Moving in this stuff is going to be slow.
There is a staircase leading out of the dungeon here.
You start resting.
HP restored.
You have escaped!

# #.#.### #..## #. #
##...).# #...### #.
####....#.####≈...≈##
#.
.............≈♣≈.≈♣≈##
###.
####...#..#.≈♣⌠♣≈♣⌠♣≈#
#>..
##.....#.#≈♣...♣≈##
#.## #.##.##.##≈...≈##
#.#
#####.##.##.##≈...≈#
#.##
............##≈.@.≈#
#...
.#######..####≈...≈#
#.## .# #...#
##≈...≈## #.)# .#
#.#.###≈♣....≈## ##.#
.# #.#.##≈♣⌠♣≈.⌠.≈#
#.# .#
#.#.###≈♣≈.≈.≈## #.#
.# #.#.# ##≈...≈###
#.# .# #.#.# ###.#...#
#.# .#
#.#.######^....# #.#


There were no monsters in sight!

Vanquished Creatures
  3 dread liches (Zot:5)
  3 ancient liches
  4 orbs of fire (Zot:5)
  Mara (Shoals:4)
  Frederick (Vaults:4)
  3 Killer Klowns (Zot:5)
  Xtahua (Vaults:2)
  Margery (Depths:3)
  Vashnia (Snake:4)
  Bai Suzhen (Shoals:4)
  4 caustic shrikes (Depths:4)
  2 curse toes
  7 golden dragons
  Nikola (Elf:2)
  the Enchantress (Depths:4)
  A Brimstone Fiend (Depths:2)
  3 electric golems (Zot:5)
  A walking earthen tome (Depths:4)
  13 tentacled monstrosities
  28 Orb Guardians
  5 deep elf blademasters (Elf:3)
  A titan (shapeshifter) (Vaults:5)
  3 titans (Vaults:5)
  7 quicksilver dragons
  3 liches
  A walking divine tome (Depths:2)
  5 deep elf master archers (Elf:3)
  An ancient champion (Depths:1)
  Gastronok (Lair:3)
  5 death cobs
  Agnes (D:14)
  8 tengu reavers
  13 storm dragons
  Kirke (Shoals:1)
  5 shadow dragons
  4 sphinxes
  9 fire giants
  8 nagarajas
  2 draconian monks
  4 iron dragons
  2 pandemonium lords
  Aizul (Snake:4)
  5 orc warlords
  2 balrugs
  6 deep elf sorcerers (Elf:3)
  6 draconian knights
  5 draconian scorchers
  7 frost giants
  12 vault wardens
  4 draconian annihilators (Zot:1)
  4 deep elf elementalists (Elf:3)
  3 draconian shifters
  A caustic shrike skeleton (Depths:3)
  3 war gargoyles
  A demonspawn blood saint (D:15)
  A demonspawn corrupter (D:11)
  29 very ugly things
  13 ironbound preservers
  4 spriggan defenders
  A reaper (Zot:5)
  5 vampire knights
  6 black draconians
  2 deep elf demonologists
  6 green draconians
  Nessos (Lair:5)
  A demonspawn black sun (D:15)
  2 lorocyprocas
  6 purple draconians
  12 white draconians
  7 dire elephants (Vaults:1)
  4 spark wasps (Depths:3)
  26 stone giants
  7 yellow draconians
  5 deep elf annihilators
  A minotaur (Gauntlet)
  10 red draconians
  Snorg (Orc:2)
  2 deep elf death magi
  12 ettins
  2 eleionomae (Shoals:1)
  6 fire dragons
  A crystal guardian (Vaults:4)
  5 merfolk javelineers (Shoals:4)
  2 eidola
  A green death (D:4)
  6 deep elf high priests
  16 merfolk impalers
  19 yaktaur captains
  27 vault guards (Vaults:5)
  8 ice dragons
  10 naga warriors
  11 great orbs of eyes
  5 boulder beetles
  8 ironbound thunderhulks
  10 hydras
  A hell beast (Depths:1)
  2 peacekeepers (Vaults:4)
  Erolcha (D:11)
  3 ironbound frosthearts
  9 rakshasas
  4 merfolk avatars (Shoals:4)
  12 spriggan air magi
  4 salamander tyrants
  An anaconda (shapeshifter) (Vaults:5)
  A two-headed ogre (shapeshifter) (Vaults:5)
  7 centaur warriors
  4 ogre magi
  3 anacondas
  3 alligator snapping turtles
  6 deep troll shamans
  5 catoblepae
  13 two-headed ogres
  6 merfolk aquamancers
  7 death yaks (Lair:6)
  15 dancing weapons
  3 alligators (Lair:5)
  4 satyrs
  7 spriggan berserkers
  6 orc high priests
  6 shock serpents
  5 deep troll earth magi
  6 tengu warriors
  Urug (Lair:4)
  23 naga sharpshooters
  10 deep elf knights
  12 hell knights
  Sonja (D:12)
  A sun demon (Depths:2)
  9 iron trolls
  3 salamander mystics
  2 goliath frogs (Lair:5)
  2 sixfirhies
  19 sea snakes
  44 deep trolls
  A glowing orange brain (Gauntlet)
  4 naga ritualists
  14 deep elf archers
  2 shadow demons
  4 phantasmal warriors
  A swamp dragon (Lair:5)
  24 harpies
  7 lindwurms
  An obsidian statue (Vaults:1)
  9 wizards
  11 ironbound convokers
  22 deep elf zephyrmancers
  7 mana vipers
  5 necromancers
  A wolf spider (Lair:1)
  33 deep elf pyromancers
  16 salamanders
  9 orc sorcerers
  19 orc knights
  A harpy (shapeshifter) (Vaults:5)
  13 cyclopes
  A manticore (shapeshifter) (D:14)
  19 fauns
  15 manticores
  An oklob plant (Gauntlet)
  46 ugly things
  4 elephants (Lair:6)
  A moth of wrath (shapeshifter) (D:14)
  9 water nymphs
  A rust devil (Depths:2)
  A spriggan zombie (Depths:3)
  11 merfolk sirens
  Maurice (D:11)
  26 moths of wrath
  A water nymph (shapeshifter) (Depths:4)
  A frost giant skeleton (Depths:3)
  8 gargoyles
  22 vault sentinels
  15 naga magi
  2 molten gargoyles (Volcano)
  2 guardian serpents
  A torpor snail (Lair:6)
  14 cane toads
  3 smoke demons
  34 black mambas
  2 rime drakes
  2 tormentors
  2 freezing wraiths
  4 komodo dragons
  A rime drake (shapeshifter) (D:14)
  A hellion (Depths:2)
  An unseen horror (D:10)
  A hellwing (Depths:2)
  3 efreet (D:14)
  27 yaktaurs
  3 tengu conjurers
  8 trolls
  38 merfolk
  3 polar bears
  A meliai (D:14)
  A tyrant leech (Lair:5)
  2 hornets
  A tengu simulacrum (Vaults:1)
  5 wind drakes
  A hornet (shapeshifter) (D:14)
  Grinder (D:3)
  A fire giant simulacrum (Vaults:1)
  12 snapping turtles
  23 slime creatures
  16 blink frogs
  3 dream sheep
  3 vampires
  A redback (shapeshifter) (Vaults:5)
  A spriggan (Depths:3)
  26 water elementals
  Sigmund (D:2)
  2 air elementals
  2 wraiths
  A fire elemental (Elf:2)
  6 wyverns
  45 yaks
  A steam dragon (D:9)
  7 humans
  2 golden eyes (Depths:2)
  A golden eye (shapeshifter) (Elf:1)
  A human (shapeshifter) (D:13)
  A basilisk (D:14)
  7 fire bats
  3 chaos spawn
  5 vampire mosquitoes
  A neqoxec (Zot:5)
  An elf skeleton (Vaults:1)
  2 acid dragons
  A naga (shapeshifter) (Vaults:5)
  8 wargs
  Duvessa (D:7)
  45 nagas
  19 water moccasins
  A swamp worm (shapeshifter) (Vaults:5)
  2 floating eyes (Depths:2)
  2 swamp drakes (Lair:5)
  2 necrophages
  An ice beast (D:6)
  3 black bears
  59 orc warriors
  3 wolves (Gauntlet)
  12 centaurs
  12 ogres
  A kobold brigand (D:8)
  An elf zombie (Ossuary)
  17 bullfrogs
  A wyvern zombie (D:5)
  A gnoll sergeant (D:8)
  7 earth elementals
  2 scorpions (D:5)
  Dowan (D:7)
  9 wights
  13 killer bees
  A bullfrog zombie (D:5)
  5 centaur zombies
  Crazy Yiuf (D:7)
  3 human zombies
  A jelly (D:4)
  33 orc priests
  A centaur skeleton (D:6)
  2 hounds
  Terence (D:3)
  Natasha (thrice) (D:3)
  2 iguanas
  36 orc wizards
  13 hell rats (Lair:5)
  A hound zombie (Ossuary)
  A hound skeleton (D:5)
  3 mummies (Ossuary)
  Robin (D:2)
  13 gnolls
  19 adders
  2 river rats
  2 shadow imps
  12 white imps (D:12)
  3 adder zombies (Ossuary)
  An adder skeleton (D:4)
  4 worms
  2 dart slugs
  93 orcs
  8 endoplasms
  3 giant cockroaches
  A gnoll zombie (Ossuary)
  18 goblins
  9 hobgoblins
  5 jackals
  4 quokkas
  4 ball pythons
  7 bats
  4 goblin zombies (Ossuary)
  8 hobgoblin zombies (Ossuary)
  A jackal zombie (Ossuary)
  26 kobolds
  3 kobold zombies (Ossuary)
  5 quokka zombies (Ossuary)
  6 rats
  2 rat zombies (Ossuary)
2124 creatures vanquished.

Vanquished Creatures (collateral kills)
  2 draconian shifters
  An ironbound preserver (Vaults:5)
  A red draconian (Zot:5)
  A purple draconian (Zot:3)
  An ettin (Vaults:5)
6 creatures vanquished.

Vanquished Creatures (others)
  A fire giant (Vaults:5)
  A nagaraja (Snake:4)
  A deep elf knight (Elf:2)
  A deep elf pyromancer (Elf:2)
  5 humans (Shoals:1)
  A kobold (D:1)
  A bush (Lair:5)
  65 fungi
  185 plants
  4 toadstools (D:1)
  A withered plant (Gauntlet)
266 creatures vanquished.

Grand Total: 2396 creatures vanquished

Notes
Turn   | Place    | Note
-------+----------+-------------------------------------------
     0 | D:1      | EnegeticOcto the Naga Earth Elementalist began the quest
                  | for the Orb.
     0 | D:1      | Reached XP level 1. HP: 15/15 MP: 3/3
    87 | D:1      | Reached skill level 4 in Stealth
   167 | D:1      | Reached XP level 2. HP: 22/22 MP: 5/5
  1123 | D:2      | Reached XP level 3. HP: 28/28 MP: 6/6
  1195 | D:2      | Noticed Robin
  1407 | D:2      | Reached skill level 4 in Earth Magic
  1647 | D:1      | Learned a level 3 spell: Stone Arrow
  1934 | D:2      | Noticed Sigmund
  1938 | D:2      | Killed Sigmund
  1939 | D:2      | Reached skill level 5 in Earth Magic
  1939 | D:2      | Reached skill level 1 in Fighting
  1939 | D:2      | Reached skill level 2 in Fighting
  1939 | D:2      | Reached skill level 1 in Conjurations
  1939 | D:2      | Reached XP level 4. HP: 39/39 MP: 0/7
  1939 | D:2      | Reached XP level 5. HP: 45/45 MP: 0/8
  2235 | D:2      | Noticed a necrophage
  2242 | D:2      | Killed a necrophage
  2243 | D:2      | Reached skill level 2 in Conjurations
  2243 | D:2      | Reached XP level 6. HP: 52/52 MP: 3/9
  2738 | D:2      | Found a faded altar of an unknown god.
  2927 | D:2      | Killed Robin
  3334 | D:3      | Noticed Grinder
  3407 | D:3      | Reached skill level 6 in Earth Magic
  3460 | D:3      | Noticed Terence
  3477 | D:3      | Killed Terence
  3484 | D:3      | Found a glowing drain.
  3496 | D:3      | Noticed Natasha
  3564 | D:3      | Killed Natasha
  3566 | Sewer    | Entered a sewer
  3599 | Sewer    | Noticed a water moccasin
  3604 | Sewer    | Killed a water moccasin
  3605 | Sewer    | Reached skill level 3 in Spellcasting
  3605 | Sewer    | Reached skill level 3 in Fighting
  3605 | Sewer    | Reached XP level 7. HP: 49/62 MP: 6/11
  3855 | D:3      | Noticed Natasha
  3858 | D:3      | Killed Natasha
  3892 | D:3      | Noticed Natasha
  4296 | D:3      | Killed Natasha
  4347 | D:3      | Reached skill level 4 in Spellcasting
  4350 | D:3      | Learned a level 2 spell: Passwall
  4409 | D:3      | Learned a level 4 spell: Petrify
  5113 | D:4      | Found a blossoming altar of Fedhas.
  5254 | D:4      | Reached skill level 2 in Transmutations
  5482 | D:4      | Found Foisiqau's Weapon Emporium.
  5499 | D:4      | Reached skill level 3 in Conjurations
  5632 | D:4      | Reached XP level 8. HP: 69/69 MP: 10/14
  5643 | D:4      | Reached skill level 3 in Transmutations
  6159 | D:5      | Entered Level 5 of the Dungeon
  6266 | D:5      | Reached skill level 4 in Conjurations
  6348 | D:5      | Reached skill level 4 in Transmutations
  6387 | D:5      | Found a sand-covered staircase.
  6392 | Ossuary  | Entered an ossuary
  6776 | Ossuary  | Reached skill level 5 in Stealth
  7041 | Ossuary  | Reached skill level 4 in Fighting
  7172 | Ossuary  | Reached skill level 6 in Stealth
  7682 | D:5      | Reached skill level 7 in Stealth
  7731 | D:5      | Reached skill level 5 in Fighting
  7887 | D:1      | Reached XP level 9. HP: 81/81 MP: 15/15
  8390 | D:6      | Reached skill level 7 in Earth Magic
  8787 | D:6      | Found a staircase to the Ecumenical Temple.
  8801 | Temple   | Entered the Ecumenical Temple
  8857 | Temple   | Became a worshipper of Cheibriados the Contemplative
  9071 | D:6      | Reached skill level 8 in Earth Magic
  9071 | D:6      | Reached skill level 2 in Dodging
  9625 | D:3      | Killed Grinder
  9626 | D:3      | Reached skill level 1 in Armour
  9936 | D:6      | Reached * piety under Cheibriados
  9985 | D:6      | Reached skill level 3 in Dodging
 10225 | D:7      | Reached skill level 2 in Armour
 10518 | D:7      | Noticed a two-headed ogre
 10725 | D:7      | Noticed Joseph
 10727 | D:7      | Noticed Joseph
 10727 | D:7      | Joseph changed into Joseph the water moccasin
 10729 | D:7      | Killed Joseph the water moccasin
 10843 | D:7      | Reached skill level 3 in Armour
 11090 | D:7      | Found a runed translucent door.
 11091 | D:7      | Noticed Crazy Yiuf
 11096 | D:7      | Killed Crazy Yiuf
 11097 | D:7      | Reached skill level 4 in Dodging
 11283 | D:8      | Learned a level 2 spell: Ensorcelled Hibernation
 11287 | D:8      | Learned a level 3 spell: Tukima's Dance
 11645 | D:8      | Reached ** piety under Cheibriados
 11646 | D:8      | Reached skill level 1 in Hexes
 11646 | D:8      | Reached XP level 10. HP: 88/88 MP: 12/16
 11707 | D:8      | Reached skill level 1 in Invocations
 11707 | D:8      | Reached skill level 1 in Evocations
 11754 | D:8      | Identified the +1 chain mail "Keitas" {rN+ Int+6}
 11834 | D:8      | Found Taumim's Book Boutique.
 11894 | D:8      | Bought a book of Sloth for 432 gold pieces
 11922 | D:8      | Reached skill level 2 in Invocations
 11985 | D:8      | Noticed a two-headed ogre
 12137 | D:8      | Killed a two-headed ogre
 12138 | D:8      | Reached skill level 2 in Evocations
 12905 | D:7      | Killed a two-headed ogre
 12906 | D:7      | Reached skill level 3 in Invocations
 12906 | D:7      | Reached skill level 3 in Evocations
 13051 | D:7      | Noticed Duvessa
 13051 | D:7      | Noticed Dowan
 13055 | D:7      | Killed Duvessa
 13057 | D:7      | Killed Dowan
 13147 | D:7      | Reached skill level 5 in Transmutations
 13213 | D:7      | Reached *** piety under Cheibriados
 13327 | D:8      | Reached skill level 4 in Invocations
 13949 | D:9      | Reached skill level 4 in Evocations
 14040 | D:9      | Reached skill level 9 in Earth Magic
 14155 | D:9      | Reached **** piety under Cheibriados
 14555 | D:9      | Reached skill level 5 in Invocations
 14555 | D:9      | Reached XP level 11. HP: 76/94 MP: 5/17
 14788 | D:9      | Reached skill level 6 in Transmutations
 16070 | D:9      | Found a staircase to the Orcish Mines.
 16255 | D:10     | Entered Level 10 of the Dungeon
 16549 | D:10     | Reached skill level 6 in Invocations
 16823 | D:10     | Reached ***** piety under Cheibriados
 16894 | D:10     | Found a staircase to the Lair.
 17301 | D:9      | Reached skill level 5 in Spellcasting
 17470 | D:9      | Reached skill level 1 in Shields
 17613 | D:10     | Noticed a fire dragon
 17933 | D:10     | Killed a fire dragon
 17934 | D:10     | Reached skill level 7 in Transmutations
 18317 | D:10     | Reached skill level 10 in Earth Magic
 18385 | D:10     | Found the +7 great mace "Firestarter" {inner flame, rF++}
 18474 | D:10     | Reached skill level 2 in Shields
 18592 | D:9      | Learned a level 6 spell: Statue Form
 18879 | D:11     | Noticed a two-headed ogre
 18904 | D:11     | Noticed Maurice
 18917 | D:11     | Killed Maurice
 18918 | D:11     | Reached skill level 1 in Maces & Flails
 19570 | D:11     | Killed a two-headed ogre
 19571 | D:11     | Reached skill level 2 in Maces & Flails
 19571 | D:11     | Reached skill level 6 in Spellcasting
 19571 | D:11     | Reached XP level 12. HP: 103/103 MP: 9/21
 19718 | D:11     | Noticed Erolcha
 19737 | D:11     | Noticed a two-headed ogre
 19741 | D:11     | Killed a two-headed ogre
 20213 | D:11     | Reached skill level 8 in Transmutations
 20368 | D:11     | Killed Erolcha
 20369 | D:11     | Reached skill level 3 in Maces & Flails
 20497 | Lair:1   | Entered Level 1 of the Lair of Beasts
 20696 | Lair:1   | Found a hide-covered altar of Uskayaw.
 20942 | Lair:1   | Reached skill level 4 in Maces & Flails
 20944 | Lair:1   | Reached skill level 11 in Earth Magic
 20955 | Lair:1   | Reached skill level 5 in Maces & Flails
 21283 | Lair:2   | Noticed a boulder beetle
 22289 | Lair:2   | Killed a boulder beetle
 22290 | Lair:2   | Reached skill level 6 in Maces & Flails
 22290 | Lair:2   | Reached skill level 7 in Invocations
 22988 | Lair:2   | Noticed a six-headed hydra
 23050 | Lair:2   | You fall into a shaft and drop 1 floor!
 23089 | Lair:3   | Noticed Gastronok
 23192 | Lair:3   | Noticed an eight-headed hydra
 23198 | Lair:3   | Killed an eight-headed hydra
 23199 | Lair:3   | Reached skill level 7 in Maces & Flails
 23199 | Lair:3   | Reached skill level 8 in Invocations
 23303 | Lair:3   | Gained mutation: You can use your snake-like lower body to
                  | constrict enemies. [Naga growth]
 23303 | Lair:3   | Reached XP level 13. HP: 109/109 MP: 6/22
 23759 | Lair:2   | Reached skill level 8 in Maces & Flails
 23759 | Lair:2   | Reached skill level 9 in Invocations
 24601 | Lair:3   | Identified the +0 chain mail of Zeps {+Inv rPois}
 24950 | Lair:3   | Found a staircase to the Snake Pit.
 25166 | Lair:3   | Killed Gastronok
 25167 | Lair:3   | Reached skill level 9 in Maces & Flails
 25167 | Lair:3   | Reached skill level 10 in Invocations
 25280 | Lair:3   | Found a staircase to the Shoals.
 25827 | Lair:4   | Found a dark tunnel.
 25849 | Volcano  | Entered a volcano
 25869 | Volcano  | Reached skill level 10 in Maces & Flails
 26740 | Volcano  | Reached skill level 11 in Maces & Flails
 27093 | Volcano  | Noticed an orb of fire
 27120 | Volcano  | Noticed an orb of fire
 27545 | Lair:4   | Noticed Urug
 27556 | Lair:4   | Killed Urug
 27767 | Lair:4   | Noticed Gaeratarr's ghost (journeyman DgTm)
 27840 | Lair:4   | Found a transporter.
 27843 | Lair:4   | Found a transporter.
 28427 | Lair:5   | Reached ****** piety under Cheibriados
 28435 | Lair:5   | Reached skill level 6 in Fighting
 28435 | Lair:5   | Reached XP level 14. HP: 120/120 MP: 14/23
 28579 | Lair:5   | Reached skill level 12 in Maces & Flails
 28661 | Lair:5   | Reached skill level 7 in Fighting
 28966 | Lair:5   | Noticed Nessos
 28983 | Lair:5   | Killed Nessos
 29726 | Lair:6   | Entered Level 6 of the Lair of Beasts
 29734 | Lair:6   | Reached skill level 8 in Fighting
 29913 | Lair:6   | Reached skill level 13 in Maces & Flails
 30275 | Lair:6   | Reached skill level 9 in Fighting
 31298 | Orc:1    | Entered Level 1 of the Orcish Mines
 31300 | Orc:1    | Reached skill level 10 in Fighting
 31300 | Orc:1    | Reached XP level 15. HP: 136/138 MP: 24/24
 31333 | Orc:1    | Reached skill level 14 in Maces & Flails
 31344 | Orc:1    | Noticed an orc warlord
 31344 | Orc:1    | Found a transporter.
 31348 | Orc:1    | Killed an orc warlord
 31349 | Orc:1    | Noticed Anuhiqid's ghost (journeyman TeBe)
 31350 | Orc:1    | Identified the +0 great mace "Kicsif" {vorpal, Int+3}
 31435 | Orc:1    | Found a flagged portal.
 31444 | Bailey   | Entered a bailey
 31535 | Bailey   | Identified the quicksilver dragon scales "Vulaics" {Will+
                  | Int+5 Stlth+}
 32033 | Orc:1    | Noticed an orc warlord
 32039 | Orc:1    | Killed an orc warlord
 32317 | Orc:1    | Reached skill level 15 in Maces & Flails
 32514 | Orc:1    | Found a bloodstained altar of Trog.
 32645 | Orc:2    | Entered Level 2 of the Orcish Mines
 33137 | Orc:2    | Noticed an orc warlord
 33408 | Orc:1    | Reached skill level 16 in Maces & Flails
 33460 | Orc:2    | Found a staircase to the Elven Halls.
 34231 | Orc:2    | Killed an orc warlord
 34416 | Orc:2    | Noticed Snorg
 34420 | Orc:2    | Reached skill level 5 in Dodging
 34427 | Orc:2    | Killed Snorg
 34587 | Orc:2    | Found Funwosh's General Store.
 34588 | Orc:2    | Found Epsuze's Book Emporium.
 34590 | Orc:2    | Found Hyrchei's Antique Armour Emporium.
 34590 | Orc:2    | Found Qaorank's Antique Weapon Shoppe.
 34616 | Orc:2    | Bought a scroll of teleportation for 42 gold pieces
 34616 | Orc:2    | Bought a +2 buckler of protection for 301 gold pieces
 34616 | Orc:2    | Bought a scroll of magic mapping for 49 gold pieces
 34707 | Orc:2    | Found a runed translucent door.
 34711 | Orc:2    | Noticed xoxolimbo's ghost (journeyman DsWz)
 35319 | D:12     | Noticed Sonja
 35322 | D:12     | Killed Sonja
 35323 | D:12     | Reached skill level 6 in Dodging
 35442 | D:12     | Found a frozen archway.
 35465 | IceCv    | Entered an ice cave
 35796 | D:12     | You fall into a shaft and drop 2 floors!
 35799 | D:14     | Identified the +2 short sword of Devotion {freeze, rF+
                  | SInv}
 35937 | D:14     | Reached skill level 7 in Dodging
 36079 | D:14     | Noticed Agnes
 36081 | D:14     | Killed Agnes
 36082 | D:14     | Reached XP level 16. HP: 146/146 MP: 9/25
 36535 | D:14     | Reached skill level 12 in Earth Magic
 36540 | D:14     | Reached skill level 9 in Transmutations
 36668 | D:14     | Identified the +1 dagger "Gogibosmo" {vorpal, Contam Will+
                  | Str-4 Dex+10}
 36925 | D:14     | Found a gate to the Vaults.
 37085 | D:13     | Found a gate leading to a gauntlet.
 37091 | Gauntlet | Entered a Gauntlet
 37091 | Gauntlet | Found a transporter.
 37107 | Gauntlet | Found a transporter.
 37109 | Gauntlet | Found a transporter.
 37120 | Gauntlet | Found a transporter.
 37123 | Gauntlet | Found a transporter.
 37140 | Gauntlet | Found a transporter.
 37148 | Gauntlet | Found a transporter.
 37159 | Gauntlet | Found a transporter.
 37171 | Gauntlet | Found a transporter.
 37185 | Gauntlet | Found a transporter.
 37197 | Gauntlet | Found a runed translucent door.
 37198 | Gauntlet | Found a transporter.
 37198 | Gauntlet | Found a transporter.
 37200 | Gauntlet | Found a runed translucent door.
 37242 | Gauntlet | Found a transporter.
 37257 | Gauntlet | Found a transporter.
 37451 | Gauntlet | Identified the ring of the Serpent {Ice Will+ MP+9}
 37728 | D:12     | Reached skill level 11 in Invocations
 38301 | D:15     | Entered Level 15 of the Dungeon
 38496 | D:15     | Reached skill level 11 in Fighting
 38679 | D:15     | Found a blossoming altar of Fedhas.
 38949 | D:15     | Found a staircase to the Depths.
 39180 | Snake:1  | Entered Level 1 of the Snake Pit
 39190 | Snake:1  | Reached skill level 12 in Invocations
 39423 | Snake:1  | Reached skill level 12 in Fighting
 39440 | Snake:1  | Learned a level 4 spell: Leda's Liquefaction
 39572 | Snake:1  | Learned a level 2 spell: Wereblood
 39954 | D:8      | Bought a book of Spatial Translocations for 312 gold pieces
 40178 | Snake:2  | You fall into a shaft and drop 1 floor!
 40184 | Snake:3  | Reached skill level 13 in Invocations
 40245 | Snake:3  | Reached XP level 17. HP: 159/159 MP: 12/26
 40797 | Snake:2  | Reached skill level 3 in Shields
 40939 | Snake:2  | Reached skill level 14 in Invocations
 41203 | Snake:3  | Reached skill level 4 in Shields
 41369 | Snake:3  | Reached skill level 5 in Shields
 41865 | Snake:3  | Reached skill level 6 in Shields
 41871 | Snake:3  | Identified the +0 scale mail of the Past {Str+4}
 41939 | Snake:4  | Entered Level 4 of the Snake Pit
 41978 | Snake:4  | Noticed Vashnia
 41989 | Snake:4  | Killed Vashnia
 41994 | Snake:4  | Reached skill level 7 in Shields
 42300 | Snake:4  | Noticed Aizul
 42314 | Snake:4  | Killed Aizul
 42754 | Snake:4  | Reached skill level 8 in Shields
 43495 | Snake:4  | Reached skill level 9 in Shields
 43556 | Snake:4  | Reached XP level 18. HP: 169/169 MP: 26/28
 43587 | Snake:4  | Reached skill level 13 in Fighting
 43884 | Snake:4  | Got a serpentine rune of Zot
 44111 | Shoals:1 | Entered Level 1 of the Shoals
 44290 | Shoals:1 | Reached skill level 1 in Translocations
 44378 | Shoals:1 | Noticed Kirke
 44382 | Shoals:1 | Killed Kirke
 44476 | Shoals:1 | Reached skill level 2 in Translocations
 44805 | Shoals:1 | Reached skill level 3 in Translocations
 44826 | Shoals:1 | Reached skill level 7 in Spellcasting
 44849 | Shoals:1 | Reached skill level 14 in Fighting
 44880 | Shoals:1 | Reached skill level 4 in Translocations
 45344 | Shoals:1 | Learned a level 3 spell: Lesser Beckoning
 45742 | Shoals:2 | Reached skill level 5 in Translocations
 46215 | Shoals:2 | Reached skill level 8 in Spellcasting
 46728 | Shoals:3 | Reached skill level 6 in Translocations
 46761 | Shoals:3 | Learned a level 2 spell: Blink
 47113 | Shoals:3 | Found Ninontakh's Book Emporium.
 47576 | Shoals:4 | Entered Level 4 of the Shoals
 47597 | Shoals:4 | Reached skill level 7 in Translocations
 47597 | Shoals:4 | Reached XP level 19. HP: 179/183 MP: 17/31
 48008 | Shoals:4 | Got a barnacled rune of Zot
 48065 | Shoals:4 | Reached skill level 8 in Translocations
 48162 | Shoals:4 | Reached skill level 15 in Fighting
 48392 | Shoals:4 | Noticed Bai Suzhen
 48402 | Shoals:4 | Killed Bai Suzhen
 48420 | Shoals:4 | Reached skill level 5 in Evocations
 48865 | Shoals:4 | Noticed Mara
 48872 | Shoals:4 | Noticed EnegeticOcto's illusion
 48875 | Shoals:4 | Noticed EnegeticOcto's illusion
 48885 | Shoals:4 | Killed Mara
 48886 | Shoals:4 | Reached skill level 9 in Spellcasting
 48886 | Shoals:4 | Reached skill level 10 in Transmutations
 48886 | Shoals:4 | Reached skill level 6 in Evocations
 49690 | Elf:1    | Entered Level 1 of the Elven Halls
 49697 | Elf:1    | Reached skill level 7 in Evocations
 49835 | Elf:1    | Learned a level 5 spell: Manifold Assault
 49844 | Elf:1    | Reached skill level 10 in Spellcasting
 49995 | Elf:1    | Reached skill level 8 in Evocations
 49999 | Elf:1    | Paralysed by an air elemental for 1 turns
 50044 | Elf:1    | Reached XP level 20. HP: 194/194 MP: 23/34
 50923 | Elf:2    | Found a runed translucent gate.
 50925 | Elf:2    | Found a runed translucent gate.
 50929 | Elf:2    | Found a runed translucent gate.
 50984 | Elf:2    | Noticed Nikola
 50991 | Elf:2    | Killed Nikola
 50992 | Elf:2    | Reached skill level 4 in Armour
 51261 | Elf:2    | Found Lysyodoc's Assorted Antiques.
 51329 | Elf:2    | Bought a wand of charming (12) for 72 gold pieces
 51329 | Elf:2    | Bought a potion of curing for 108 gold pieces
 51517 | Elf:3    | Entered Level 3 of the Elven Halls
 51517 | Elf:3    | Found Lidy's Distillery.
 51517 | Elf:3    | Found Leggaic's Antique Weapon Shop.
 51522 | Elf:3    | Bought a potion of ambrosia for 128 gold pieces
 51522 | Elf:3    | Bought a potion of heal wounds for 80 gold pieces
 51522 | Elf:3    | Bought a potion of heal wounds for 80 gold pieces
 51522 | Elf:3    | Bought a potion of heal wounds for 80 gold pieces
 51522 | Elf:3    | Bought a potion of invisibility for 128 gold pieces
 51522 | Elf:3    | Bought a potion of might for 64 gold pieces
 51522 | Elf:3    | Bought a potion of magic for 128 gold pieces
 51794 | Elf:3    | Found Repaitea's Jewellery Emporium.
 51862 | Elf:3    | Found a transporter.
 51864 | Elf:3    | Noticed MacCMillion's ghost (veteran DjIE)
 51875 | Elf:3    | Found a transporter.
 51883 | Elf:3    | Found a bloodstained altar of Trog.
 52383 | Elf:3    | Found Eggiliowk's Assorted Antiques.
 52391 | Elf:3    | Bought a scroll labelled WOISTU ANGOA for 30 gold pieces
 52391 | Elf:3    | Bought a scroll of teleportation for 90 gold pieces
 52391 | Elf:3    | Bought 2 potions of heal wounds for 300 gold pieces
 52642 | Elf:3    | Identified the +0 robe of Ignis's Grace {Str+6}
 52654 | Elf:3    | Reached skill level 11 in Spellcasting
 52676 | Elf:3    | Paralysed by an air elemental for 1 turns
 52835 | Elf:3    | Identified the +1 plate armour of the Hart {Int+5}
 52837 | Elf:3    | Identified the +0 robe of the Spheres {Fly rF+ Int+5}
 52838 | Elf:3    | Identified the +5 mace "Beastbane" {antimagic, Str+2}
 52842 | Elf:3    | Reached skill level 15 in Invocations
 52843 | Elf:3    | Reached skill level 10 in Shields
 53116 | Elf:3    | Reached skill level 16 in Fighting
 53373 | Elf:3    | Identified the -2 buckler of Monotheism {-Tele rN++ Will+
                  | Stlth+}
 53508 | Elf:3    | Identified the +5 arbalest "Jupy" {venom, +Blink Str-2
                  | Dex+3}
 53541 | Elf:3    | Got the Handbook of Transformation and Dislocation
 53946 | Vaults:1 | Entered Level 1 of the Vaults
 54220 | Vaults:1 | Found a transporter.
 54230 | Vaults:1 | Found a transporter.
 54344 | Vaults:1 | Reached XP level 21. HP: 205/205 MP: 29/36
 54432 | Vaults:1 | Found Vidaod's General Store.
 54446 | Vaults:1 | Bought a potion of invisibility for 120 gold pieces
 54446 | Vaults:1 | Bought a wand of iceblast (14) for 270 gold pieces
 55132 | Vaults:1 | Reached skill level 12 in Spellcasting
 55370 | Vaults:1 | Identified the ring "Hikuroca" {rPois MP+9 Stlth+}
 55376 | Vaults:1 | Identified the +0 hat of Sloth {Slay+2}
 55583 | Vaults:2 | Reached skill level 16 in Invocations
 55664 | Vaults:2 | Reached skill level 11 in Shields
 56482 | Vaults:2 | Noticed Xtahua
 56497 | Vaults:2 | Killed Xtahua
 56498 | Vaults:2 | Reached skill level 17 in Fighting
 58257 | Vaults:3 | Reached XP level 22. HP: 218/218 MP: 35/38
 58485 | Vaults:3 | Reached skill level 17 in Invocations
 58507 | Vaults:3 | Found a staircase to the Crypt.
 58550 | Vaults:3 | Found the +6 arbalest "Damnation" {damnation}
 59091 | Vaults:4 | Reached skill level 12 in Shields
 59244 | Vaults:4 | Noticed Frederick
 59256 | Vaults:4 | Killed Frederick
 59778 | Vaults:4 | Reached skill level 18 in Fighting
 60534 | Depths:1 | Entered Level 1 of the Depths
 60601 | Depths:1 | Found a gateway to a ziggurat.
 60619 | Depths:1 | Reached skill level 18 in Invocations
 60699 | Depths:1 | Reached skill level 13 in Shields
 60955 | Depths:1 | Found Yzikepec's Magic Scroll Emporium.
 61120 | Depths:1 | Found a gateway to Hell.
 61569 | Depths:2 | Reached skill level 14 in Shields
 61592 | Depths:2 | Found a one-way gate leading to the halls of Pandemonium.
 61865 | Depths:2 | Reached XP level 23. HP: 228/228 MP: 23/39
 61881 | Depths:2 | Reached skill level 15 in Shields
 62374 | Depths:2 | Found a stormy altar of Qazlal.
 62852 | Depths:2 | Reached skill level 9 in Evocations
 62874 | Depths:2 | Identified the -7 pair of boots of Protective Custody
                  | {rPois Will+ Str+6}
 63304 | Depths:3 | Noticed Margery
 63304 | Depths:3 | Noticed a golden dragon
 63335 | Depths:3 | Killed Margery
 63337 | Depths:3 | Killed a golden dragon
 63778 | Depths:3 | Reached skill level 10 in Evocations
 64194 | Depths:3 | Reached skill level 19 in Fighting
 64875 | Depths:3 | Found a one-way gate to the infinite horrors of the Abyss.
 65246 | Depths:4 | Entered Level 4 of the Depths
 65247 | Depths:4 | Noticed a caustic shrike
 65247 | Depths:4 | Noticed a caustic shrike
 65250 | Depths:4 | Killed a caustic shrike
 65250 | Depths:4 | Killed a caustic shrike
 65251 | Depths:4 | Reached skill level 11 in Evocations
 65255 | Depths:4 | Noticed a caustic shrike
 65383 | Depths:4 | Noticed the Enchantress
 65384 | Depths:4 | Noticed a caustic shrike
 65386 | Depths:4 | Killed the Enchantress
 65387 | Depths:4 | Killed a caustic shrike
 65402 | Depths:4 | Reached XP level 24. HP: 242/242 MP: 19/39
 65488 | Depths:4 | Killed a caustic shrike
 65664 | Depths:4 | Reached skill level 12 in Evocations
 65700 | Depths:4 | Reached skill level 20 in Fighting
 65793 | Depths:4 | Found a gate to the Realm of Zot.
 66223 | Depths:4 | Reached skill level 8 in Dodging
 66775 | Vaults:5 | Entered Level 5 of the Vaults
 66848 | Vaults:5 | Reached skill level 9 in Dodging
 66982 | Vaults:5 | Reached skill level 10 in Dodging
 67000 | Vaults:5 | Identified the +7 long sword "Zoucera" {vorpal, rElec Str+4
                  | Int+2}
 67005 | Vaults:5 | Identified a scroll of acquirement
 67250 | Vaults:5 | Acquired 746 gold pieces
 67279 | Vaults:5 | Reached skill level 11 in Dodging
 67295 | Vaults:5 | Got a silver rune of Zot
 67339 | Vaults:5 | Noticed an ancient lich
 67358 | Vaults:5 | Killed an ancient lich
 67368 | Vaults:5 | Reached skill level 12 in Dodging
 67372 | Vaults:5 | Noticed a juggernaut
 67372 | Vaults:5 | an iron dragon changed into a juggernaut
 67373 | Vaults:5 | Noticed a shard shrike
 67373 | Vaults:5 | a juggernaut changed into a shard shrike
 67374 | Vaults:5 | a shard shrike changed into a titan
 67378 | Vaults:5 | Noticed a juggernaut
 67378 | Vaults:5 | a titan changed into a juggernaut
 67382 | Vaults:5 | a juggernaut changed into a rockslime
 67407 | Vaults:5 | Identified the +5 hunting sling of Mayhem {venom, rElec rC+
                  | SInv}
 67413 | Vaults:5 | Reached XP level 25. HP: 217/254 MP: 14/39
 67694 | Vaults:5 | Got the Catalogue of Summoning
 68497 | Vaults:5 | Identified the +0 chain mail of Niuhem {Fly Int+6}
 68499 | Vaults:5 | Identified the +9 falchion of Fycw {vorpal, rCorr}
 68502 | Vaults:5 | Identified the +6 long sword "Qollac" {flame, Fragile rN++}
 68507 | Vaults:5 | Got the Collected Works on Excruciating Feathers
 68514 | Vaults:5 | Learned a level 5 spell: Irradiate
 68556 | Vaults:5 | Found the +3 warlock's mirror {reflect}
 68566 | Vaults:5 | Got the Tome of Frigorific Poisoning
 69001 | Zot:1    | Entered Level 1 of the Realm of Zot
 69117 | Zot:1    | Reached skill level 21 in Fighting
 69261 | Zot:2    | Reached skill level 5 in Conjurations
 69535 | Zot:3    | Reached skill level 6 in Conjurations
 70210 | Zot:4    | Reached skill level 7 in Conjurations
 70913 | Zot:2    | Reached skill level 8 in Conjurations
 71512 | Zot:5    | Entered Level 5 of the Realm of Zot
 71663 | Zot:5    | Reached skill level 22 in Fighting
 71872 | Zot:5    | Noticed a Killer Klown
 71884 | Zot:5    | Killed a Killer Klown
 71885 | Zot:5    | Reached skill level 8 in Stealth
 72105 | Zot:5    | Reached skill level 9 in Stealth
 72126 | Zot:5    | Reached skill level 10 in Stealth
 72267 | Zot:5    | Reached skill level 11 in Stealth
 72498 | Zot:5    | Noticed a dread lich
 72742 | Zot:5    | Killed a dread lich
 72743 | Zot:5    | Reached skill level 12 in Stealth
 72821 | Zot:5    | Noticed a Killer Klown
 72830 | Zot:5    | Killed a Killer Klown
 72939 | Zot:5    | Reached skill level 13 in Stealth
 73109 | Zot:5    | Noticed a dread lich
 73114 | Zot:5    | Reached XP level 26. HP: 268/268 MP: 31/39
 73118 | Zot:5    | Killed a dread lich
 73118 | Zot:5    | Noticed an orb of fire
 73119 | Zot:5    | Reached skill level 14 in Stealth
 73127 | Zot:5    | Gained mutation: Your flesh is heat resistant. (rF+) [an
                  | orb of fire]
 73128 | Zot:5    | Killed an orb of fire
 73137 | Zot:5    | Reached skill level 15 in Stealth
 73164 | Zot:5    | Noticed a dread lich
 73169 | Zot:5    | Noticed a Killer Klown
 73170 | Zot:5    | Killed a dread lich
 73170 | Zot:5    | Noticed an orb of fire
 73171 | Zot:5    | Reached skill level 16 in Stealth
 73173 | Zot:5    | Gained mutation: Your body sometimes deteriorates upon
                  | taking damage. [an orb of fire]
 73174 | Zot:5    | Killed a Killer Klown
 73175 | Zot:5    | Gained mutation: You are clumsy. (Dex -2) [an orb of fire]
 73178 | Zot:5    | Gained mutation: You are very clumsy. (Dex -4) [an orb of
                  | fire]
 73183 | Zot:5    | Killed an orb of fire
 73187 | Zot:5    | Noticed an orb of fire
 73194 | Zot:5    | Noticed an ancient lich
 73195 | Zot:5    | Killed an orb of fire
 73196 | Zot:5    | Reached skill level 17 in Stealth
 73203 | Zot:5    | Killed an ancient lich
 73403 | Zot:5    | Reached skill level 18 in Stealth
 73466 | Zot:5    | Reached skill level 19 in Stealth
 73520 | Zot:5    | Noticed an orb of fire
 73524 | Zot:5    | Gained mutation: You can exhale a cloud of poison. [an orb
                  | of fire]
 73529 | Zot:5    | Gained mutation: You are weak. (Str -2) [an orb of fire]
 73530 | Zot:5    | Killed an orb of fire
 73585 | Zot:5    | Noticed an ancient lich
 73594 | Zot:5    | Killed an ancient lich
 73595 | Zot:5    | Reached skill level 20 in Stealth
 73915 | Zot:1    | Reached skill level 21 in Stealth
 74556 | Zot:1    | Reached skill level 22 in Stealth
 75489 | Zot:5    | Got the Orb of Zot
 75535 | Zot:5    | Reached skill level 23 in Stealth
 75588 | Zot:2    | Noticed Obbibib the pandemonium lord
 75595 | Zot:2    | Killed Obbibib the pandemonium lord
 75630 | Zot:1    | Found a runed translucent gate.
 75631 | Zot:1    | Found a runed translucent gate.
 75763 | Depths:2 | Noticed Hossasoc the pandemonium lord
 75776 | Depths:2 | Killed Hossasoc the pandemonium lord
 75859 | D:15     | Reached skill level 24 in Stealth
 76237 | D:$      | Escaped with the Orb!

Illustrated notes

Levels and vault maps discovered:
D:1:      ldierk_water_garden, layout_loops_ring, lemuel_flame_loot_1
D:2:      layout_loops_ring, shapermc_ecumenical_altar_ellora, uniq_robin,
          uniq_sigmund
D:3:      minmay_diamond_boxcup, layout_loops_cross,
          cheibrodos_sewer_entry_sluice, uniq_natasha, uniq_grinder,
          uniq_terence
D:4:      layout_gridville, mainiacjoe_overflow_paths, serial_shops, shop,
          minmay_surrounded
D:5:      layout_gridville, nicolae_ossuary_entry_false_entrances,
          grunt_decor_mini_mirrors, moated_statue
D:6:      layout_layer_cave, minmay_temple_entry_offerings
D:7:      layout_basic, serial_bayou_pond_e, hangedman_decor_peaks_small,
          uniq_crazy_yiuf_cottage, uniq_joseph, uniq_duvessa
D:8:      layout_loops_ring, serial_shops,
          nicolae_shop_temple_entry_statues_fountains
D:9:      layout_rooms, erik_orc_4, special_room [special_room_orc]
D:10:     minmay_firetagon, layout_rooms, erik_lair_orcish_takeover,
          minmay_ruffians
D:11:     layout_small_grid, uniq_maurice, uniq_erolcha
D:12:     layout_gridville, portal_ice_cave_entry_imps, pond, uniq_sonja
D:13:     layout_rooms, gauntlet_entry_generic,
          hangedman_abyss_or_decor_lesser_grid
D:14:     layout_irregular_city, david_vaults_2, minmay_misc_feat_doors,
          minmay_hollow_rounded_squares, uniq_agnes
D:15:     hangedman_depths_entry_civil_slaughter, layout_gridville,
          fedhas_altar_fruit_tree
Temple:   kilobyte_greek_temple
Lair:1:   minmay_lair_venomous_thicket, layout_regular_city, basic_altar,
          lemuel_fruit_tree
Lair:2:   layout_gridlike, grunt_megastairs_1
Lair:3:   layout_cellular_growth, minmay_shoals_entry_hut,
          minmay_snake_entry_six_corridors, st_stairs_4, beast_lair_carwin_3,
          serial_bayou_shore_b, uniq_gastronok
Lair:4:   layout_regular_city, gammafunk_ghost_hive,
          nicolae_volcano_entry_batcave, uniq_urug
Lair:5:   onia_ninara_swampy_vault, layout_cave_pods, uniq_nessos
Lair:6:   evilmike_catoblepas_cave, layout_hall_layers,
          minmay_slime_entry_oklob_enclosed
Shoals:1: layout_shoals, nicolae_shoals_enchanted_isle, uniq_kirke
Shoals:2: layout_shoals, nicolae_shoals_water_elemental_grotto
Shoals:3: layout_shoals, serial_shops, shop
Shoals:4: shoals_end_grunt_ice, layout_shoals, nicolae_shoals_water_booths,
          uniq_bai_suzhen, uniq_mara
Snake:1:  layout_rooms
Snake:2:  layout_onion_interference
Snake:3:  layout_cave_pods
Snake:4:  minmay_snake_end_coiled, layout_layer_cave, uniq_vashnia, uniq_aizul
Orc:1:    orc_temple, layout_caves, enter_bailey_2, gammafunk_ghost_smash,
          lemuel_statue_altar
Orc:2:    st_orc_congregation, layout_diamond_mine,
          ebering_ghost_reflecting_pool, mines4_lemuel, uniq_snorg
Elf:1:    elf_arrival_002, layout_loops_ring, minivault_28, drop_trap
Elf:2:    elven_hall_of_blades_hangedman_original
          [nicolae_vaults_blade_armed_guards], layout_geoelf_grid, serial_shops,
          nicolae_diamond_shop, uniq_nikola
Elf:3:    minmay_elf_hall, layout_loops_corners, serial_shops, shop,
          nicolae_shop_stone, nicolae_shop_statue_plus, shop,
          gammafunk_ghost_wrathful_warriors
Vaults:1: v_pattern_1, hangedman_vaults_variations,
          nicolae_vaults_little_squares_5, vaults_room_grunt_arrival_ludios,
          v_alt_pattern_6, hangedman_vaults_capsules,
          nicolae_vaults_border_crossing, gammafunk_sealed_arena,
          ontoclasm_vaults_gateway, layout_vaults_big_room, serial_shops, shop
Vaults:2: v_misc_12, vaults_dpeg_doors, v_misc_12, hangedman_vaults_impose,
          ontoclasm_vaults_decontamination, v_misc_25, grunt_vaults_swirl,
          nicolae_vaults_angled_halls, nicolae_vaults_angled_halls,
          ontoclasm_vaults_claustrophobia, ontoclasm_vaults_fault,
          nicolae_vaults_shelves_hall, layout_vaults_ring, uniq_xtahua
Vaults:3: nicolae_vaults_mini_display_case, vaults_room_corners,
          hangedman_vaults_stagger, dpeg_vaults_monster_row,
          hangedman_vaults_trim, vaults_dpeg_encased_lava,
          nicolae_vaults_yaktaur_gun_rack, minmay_crypt_entry_simple_walls,
          layout_vaults_quadrants
Vaults:4: nicolae_vaults_statue_guard, grunt_vaults_focal, v_pattern_5,
          hangedman_vaults_snaps, vaults_dpeg_ring, ontoclasm_vaults_spin,
          ontoclasm_vaults_tryst, hangedman_vaults_cutoff,
          nicolae_vaults_alarming, hangedman_vaults_hat,
          nicolae_vaults_diagonal_hallway_7, layout_vaults_omnibox,
          uniq_frederick
Vaults:5
Depths:1: layout_cave_pools, enter_ziggurat_f, nrook_pool_corridor,
          grunt_mini_vestibule, nicolae_take_the_stairs, serial_bayou_pond_b
Depths:2: grunt_deathspiral_large, layout_gridlike, grunt_qazlal_clouds,
          rand_demon_pan_entry_3, hell_entry, hangedman_research_probablistics,
          serial_bayou_shore_a
Depths:3: constructs_gauntlet_mu_hangedman, layout_basic, abyss_entry,
          grunt_hell_entry_dis_mu, uniq_mennas, uniq_margery
Depths:4: evilmike_zot_entry_basic, layout_long_grid, pan_entry,
          pf_hell_entry_great_geh, minmay_misc_feat_tiny,
          minmay_misc_feat_ornament, uniq_enchantress
Zot:1:    layout_cathedral_of_symmetry, gammafunk_ghost_cemetery
Zot:2:    layout_gridlike
Zot:3:    layout_onion_interference, lemuel_elevator
Zot:4:    nicolae_moth_party, layout_cathedral_of_symmetry, grunt_megastairs_2
Zot:5:    layout_gridville

Skill      XL: |  1  2  3  4  5  6  7  8  9 10 11 12 13 14 15 16 17 18 19 20 21 22 23 24 25 26 |
---------------+-------------------------------------------------------------------------------+-----
Stealth        | 4 7 13 24 | 24.2
Earth Magic    | 5 6 8 9 10 11 12 | 12.0
Fighting       | 2 3 5 6 10 12 14 15 16 17 18 19 20 22 | 22.0
Conjurations   | 1 2 3 4 8 |  8.0
Spellcasting   | 3 4 6 8 10 11 12 | 12.0
Transmutations | 2 4 5 7 8 9 10 | 10.0
Dodging        | 4 7 12 | 12.0
Armour         | 3 4 |  4.0
Hexes          | 1 |  1.9
Invocations    | 5 6 8 10 13 14 15 16 18 | 18.0
Evocations     | 4 8 11 12 | 12.0
Shields        | 2 9 10 11 14 15 | 15.0
Maces & Flails | 2 7 11 13 16 | 16.0
Translocations | 7 8 |  8.0

Action                   |  1- 3 |  4- 6 |  7- 9 | 10-12 | 13-15 | 16-18 | 19-21 | 22-24 | 25-27 || total
-------------------------+-------+-------+-------+-------+-------+-------+-------+-------+-------++-------
Melee: Unarmed           |     1 |       |       |       |       |       |       |       |       ||     1
       Short sword       |    11 |    12 |    27 |       |       |       |       |       |       ||    50
       Dagger            |       |       |   328 |    50 |       |       |       |       |       ||   378
       Great mace        |       |       |       |    60 |   364 |       |       |       |       ||   424
       Constrict         |       |       |       |       |   127 |   211 |   199 |   228 |    88 ||   853
       Demon whip        |       |       |       |       |   143 |   127 |       |       |       ||   270
       Eveningstar       |       |       |       |       |       |   697 |   955 |  1133 |   755 ||  3540
Throw: Throwing net      |       |       |     2 |       |       |       |       |       |       ||     2
 Cast: Sandblast         |    11 |    18 |    39 |    69 |    10 |       |       |       |       ||   147
       Stone Arrow       |     1 |     9 |   119 |   215 |    86 |       |       |       |       ||   430
       Passwall          |       |       |     4 |       |     3 |     2 |       |       |     3 ||    12
       Ensorcelled Hiber |       |       |       |     7 |       |       |       |       |       ||     7
       Statue Form       |       |       |       |     2 |    67 |    99 |   108 |    73 |    75 ||   424
       Leda's Liquefacti |       |       |       |       |       |    22 |    14 |    14 |     2 ||    52
       Wereblood         |       |       |       |       |       |    24 |    36 |    47 |    23 ||   130
       Lesser Beckoning  |       |       |       |       |       |    15 |    35 |    31 |     7 ||    88
       Manifold Assault  |       |       |       |       |       |       |    57 |    18 |    84 ||   159
       Irradiate         |       |       |       |       |       |       |       |       |    12 ||    12
Invok: Temporal Distorti |       |       |       |     4 |     5 |     2 |       |       |     1 ||    12
       Slouch            |       |       |       |     3 |     9 |     8 |    12 |     7 |    11 ||    50
       Step From Time    |       |       |       |     1 |       |       |       |       |       ||     1
       Bend Time         |       |       |       |       |     1 |     1 |     2 |       |       ||     4
 Abil: Spit Poison       |    25 |    11 |    18 |    21 |     7 |     2 |       |       |       ||    84
       End Transformatio |       |       |       |     1 |     2 |       |     1 |       |     3 ||     7
Evoke: Wand              |       |       |     2 |     7 |    14 |     3 |     3 |     4 |     3 ||    36
       Condenser vane    |       |       |       |       |       |     2 |     3 |     5 |     3 ||    13
       Tin of tremorston |       |       |       |       |       |       |       |     4 |     2 ||     6
       Phial of floods   |       |       |       |       |       |       |       |     1 |       ||     1
       Lightning rod     |       |       |       |       |       |       |       |     7 |       ||     7
       Phantom mirror    |       |       |       |       |       |       |       |     2 |     1 ||     3
       Box of beasts     |       |       |       |       |       |       |       |     1 |     2 ||     3
  Use: Scroll            |       |     3 |     8 |    16 |    10 |     5 |     5 |    11 |     5 ||    63
       Potion            |       |       |       |     1 |       |       |       |       |    12 ||    13
 Stab: Sleeping          |     1 |     2 |    11 |     1 |     6 |    14 |     4 |     1 |     2 ||    42
       Distracted        |       |       |       |     1 |     3 |     4 |       |     1 |       ||     9
       Paralysed         |       |       |       |       |     2 |       |       |       |       ||     2
       Confused          |       |       |       |       |       |       |     3 |       |       ||     3
Armor: Robe              |     3 |       |       |       |       |       |       |       |       ||     3
       Animal skin       |       |    25 |   216 |       |       |       |       |       |       ||   241
       Leather armour    |       |       |    13 |   115 |    12 |       |       |       |       ||   140
       Skin              |       |       |       |    40 |   301 |   500 |   401 |   384 |   208 ||  1834
       Troll leather arm |       |       |       |       |    58 |       |       |       |       ||    58
       Quicksilver drago |       |       |       |       |     8 |    24 |     3 |    16 |    19 ||    70
Dodge: Dodged            |    10 |    14 |   226 |   181 |   411 |   699 |   536 |   593 |   403 ||  3073
Block: Buckler           |       |       |       |     1 |    53 |   228 |       |       |       ||   282
       Kite shield       |       |       |       |       |       |   536 |   872 |   531 |       ||  1939
       Reflection        |       |       |       |       |       |    90 |   105 |    58 |    22 ||   275
       Tower shield      |       |       |       |       |       |       |       |  1111 |  1034 ||  2145

Table legend: (Time is in decaauts)
 A = Elapsed time spent in this place.
 B = Non-inter-level travel time spent in this place.
 C = Inter-level travel time spent in this place.
 D = Time resting spent in this place.
 E = Time spent auto-exploring this place.
 F = Levels seen in this place.
 G = Mean time per level.
                   A        B        C        D        E       F      G
               +--------+--------+--------+--------+--------+-----+--------+
         Total | 139752 | 126936 |  12816 |  19671 |  81842 |  55 | 2540.9 |
       Dungeon |  35199 |  30849 |   4350 |   8831 |  16481 |  15 | 2346.6 |
        Temple |    137 |     79 |     58 |      0 |     58 |   1 |  137.0 |
          Lair |  19601 |  17845 |   1756 |   2447 |  13157 |   6 | 3266.8 |
        Shoals |  10955 |  10703 |    252 |    411 |   7475 |   4 | 2738.8 |
     Snake Pit |  10132 |   9476 |    656 |    332 |   7206 |   4 | 2533.0 |
  Orcish Mines |   6724 |   6393 |    331 |   1152 |   3685 |   2 | 3362.0 |
   Elven Halls |   8523 |   7733 |    790 |   1137 |   4911 |   3 | 2841.0 |
        Vaults |  17905 |  16545 |   1360 |    850 |  12560 |   5 | 3581.0 |
        Depths |  13159 |  11452 |   1707 |    583 |   8690 |   4 | 3289.8 |
           Zot |  12264 |  10711 |   1553 |   2429 |   5779 |   5 | 2452.8 |
         Sewer |    251 |    251 |      0 |    143 |      9 |   1 |  251.0 |
       Ossuary |   1157 |   1157 |      0 |    221 |    529 |   1 | 1157.0 |
        Bailey |    710 |    710 |      0 |      0 |    263 |   1 |  710.0 |
      Ice Cave |     10 |     10 |      0 |      0 |      0 |   1 |   10.0 |
       Volcano |   2063 |   2063 |      0 |   1131 |    406 |   1 | 2063.0 |
      Gauntlet |    955 |    955 |      0 |      0 |    628 |   1 |  955.0 |
               +--------+--------+--------+--------+--------+-----+--------+

Top non-repeatable levels by time:
   Elf:3: 4447 daAuts
Depths:3: 4390 daAuts
 Snake:4: 4324 daAuts
   Zot:5: 4266 daAuts
Depths:2: 4207 daAuts
  Lair:3: 4166 daAuts
Vaults:3: 3847 daAuts
Vaults:5: 3731 daAuts
Vaults:1: 3669 daAuts
     D:9: 3535 daAuts
Vaults:2: 3528 daAuts
   Orc:2: 3488 daAuts
  Lair:2: 3456 daAuts
Shoals:4: 3407 daAuts
  Lair:6: 3348 daAuts
